 Dungeon Crawl Stone Soup version 0.31-a0-175-g9f7f995f2b (webtiles) character file.

Game seed: 12455635029233524652

3151 qw the Skirmisher (level 9, -19/86 HPs)
             Began as a Naga Hunter on June 17, 2023.
             Was a Follower of Okawaru.
             Demolished by a komodo dragon (25 damage)
             ... on level 1 of the Lair of Beasts.
             The game lasted 00:04:07 (8700 turns).

qw the Skirmisher (Naga Hunter)                     Turns: 8700, Time: 00:04:08

Health: -19/86     AC: 10    Str: 13    XL:     9   Next: 93%
Magic:  12/12      EV: 14    Int: 11    God:    Okawaru [*.....]
Gold:   563        SH:  0    Dex: 18    Spells: 8/8 levels left

rFire   + . .        d - +0 orcbow
rCold   . . .        (shield currently unavailable)
rNeg    . . .        c - +0 leather armour
rPois   +            (no helmet)
rElec   .            (no cloak)
rCorr   .            f - +0 pair of gloves
SInv    +            (no barding)
Will    +....        (no amulet)
Stlth   +++          g - +4 ring of protection
HPRegen 0.34/turn    n - ring of protection from fire
MPRegen 0.13/turn

%: no passive effects
@: short of breath, heroic, very slow
A: AC +3, large, see invisible, deformed body, poison resistance, slowness 2,
spit poison 1, naga tail 1
a: Spit Poison, Renounce Religion, Heroism


You were on level 1 of the Lair of Beasts.
You worshipped Okawaru.
Okawaru was aware of your devotion.
You visited 3 branches of the dungeon, and saw 10 of its levels.
You also visited: Ossuary.

You collected 563 gold pieces.


Innate Abilities, Weirdness & Mutations

Your serpentine skin is tough. (AC +3)
You have supernaturally acute eyesight. (SInv)
Armour fits poorly on your strangely shaped body.
Your system is resistant to poisons. (rPois)
You cover ground very slowly.
You can spit poison.
You have a snake-like lower body.


   Skills:
 - Level 7.4(12.4) Fighting
 + Level 10.0(15.0) Ranged Weapons
 - Level 1.8(6.8) Armour
 - Level 3.0(8.0) Dodging
 - Level 1.5(6.5) Stealth
 - Level 4.0 Invocations


You had 8 spell levels left.
You didn't know any spells.
Your spell library was empty.

Inventory:

Hand Weapons
 d - a +0 orcbow (weapon)
Armour
 c - a +0 leather armour (worn)
 f - a +0 pair of gloves (worn)
Jewellery
 g - a +4 ring of protection (left hand)
 n - a ring of protection from fire (right hand)
Scrolls
 a - a scroll of identify
Potions
 b - 4 potions of curing
 h - 2 potions of enlightenment
 j - a potion of mutation {unknown}
 k - 2 potions of might
 l - a potion of invisibility {unknown}
 m - a potion of berserk rage {unknown}

Dungeon Overview and Level Annotations

Branches:
Dungeon (8/15)             Temple (1/1) D:5            Lair (1/5) D:8
Ossuary (visited)

Altars:
Ashenzari
Cheibriados
Dithmenos
Elyvilon
Fedhas
Gozag
Kikubaaqudgha
Makhleb
Nemelex Xobeh
Okawaru
Qazlal
Ru
Sif Muna
Trog
Uskayaw
Vehumet
Xom
Yredelemnul
Zin
The Shining One

Annotations:
D:4 3 runed translucent doors, qw's ghost, weakling NaHu
D:5 1 runed translucent door
D:8 exclusion: 7 electric eels


Message History

You shoot an arrow. The arrow hits the komodo dragon.
The komodo dragon is lightly wounded.
You have got your breath back.
The komodo dragon bites you.
8693 ||| INVOKING Spit Poison.
Aiming: Spit Poison (1% risk of failure)
Press: ? - help, Shift-Dir - straight line, f/p - komodo dragon The splash of poison hits the komodo dragon but does no damage.
The komodo dragon is poisoned.
The komodo dragon is lightly wounded.
The komodo dragon barely misses you.
You shoot an arrow.
The arrow hits the komodo dragon but does no damage.
The komodo dragon is lightly wounded.
The komodo dragon closely misses you.
You shoot an arrow.
The arrow hits the komodo dragon but does no damage.
The komodo dragon is lightly wounded.
You shoot an arrow.
The arrow hits the komodo dragon but does no damage.
The komodo dragon is lightly wounded.
The komodo dragon bites you!!
You shoot an arrow.
The arrow barely misses the komodo dragon.
You have got your breath back.
The komodo dragon bites you but does no damage.
8698 ||| INVOKING Spit Poison.
Aiming: Spit Poison (1% risk of failure)
Press: ? - help, Shift-Dir - straight line, f/p - komodo dragon The splash of poison misses the komodo dragon.
The komodo dragon barely misses you.
You shoot an arrow. The arrow hits the komodo dragon!
The komodo dragon is moderately wounded.
A komodo dragon comes into view.
The komodo dragon bites you.
You shoot an arrow.
The arrow closely misses the komodo dragon.
The komodo dragon hisses angrily.
The komodo dragon bites you!!
You die...

##.............
#...............
#...............
###...............
#...[.............
#.....<.........
#...............
....l.......#.#.
..........@##
.........l.#
............
.............
....(.......#.
..........#...
........#.....
"...#.. ... ..


You could see 2 komodo dragons.

Vanquished Creatures
  A komodo dragon (Lair:1)
  Grinder (D:5)
  A steam dragon (D:8)
  A basilisk (Lair:1)
  3 water moccasins
  2 sky beasts
  A black bear (D:5)
  An orc warrior (D:8)
  3 ice beasts
  2 centaurs (D:8)
  A phantom (D:5)
  A scorpion (D:5)
  4 water moccasin zombies (Ossuary)
  A howler monkey (D:7)
  3 hounds
  2 quasits (D:4)
  An orc priest (D:8)
  3 jellies
  2 sleepcaps
  An iguana (D:6)
  Ijyb (D:5)
  4 orc wizards
  2 mummies (Ossuary)
  7 gnolls
  8 adders
  3 shadow imps
  6 white imps
  2 ufetubi (D:6)
  5 adder zombies (Ossuary)
  A worm (D:5)
  A dart slug (D:4)
  20 orcs
  10 ball pythons
  8 bats
  6 endoplasms
  16 giant cockroaches
  3 gnoll zombies (Ossuary)
  9 goblins
  9 hobgoblins
  3 frilled lizards
  6 hobgoblin zombies (Ossuary)
  8 kobolds
  3 kobold zombies (Ossuary)
  6 orc zombies (Ossuary)
  2 rats
184 creatures vanquished.

Vanquished Creatures (others)
  An orc wizard (D:3)
1 creature vanquished.

Grand Total: 185 creatures vanquished

Notes
Turn   | Place    | Note
-------+----------+-------------------------------------------
     0 | D:1      | qw the Naga Hunter began the quest for the Orb.
     0 | D:1      | Reached XP level 1. HP: 19/19 MP: 1/1
     0 | D:1      | 0 ||| qw: Version: 0.3-a-2-g5ab2908
     0 | D:1      | 0 ||| qw: Game counter: 167
     0 | D:1      | 0 ||| qw: Always use a shield: true
     0 | D:1      | 0 ||| qw: God list: Okawaru
     0 | D:1      | 0 ||| qw: Allow faded altars: false
     0 | D:1      | 0 ||| qw: Do Orc after D:15 true
     0 | D:1      | 0 ||| qw: Do second Lair branch before Depths: true
     0 | D:1      | 0 ||| qw: Lair rune preference: random
     0 | D:1      | 0 ||| qw: Plans: Normal
     0 | D:1      | 0 ||| PLANNING D:1-11
    18 | D:1      | 18 ||| INVOKING Spit Poison.
    33 | D:1      | 33 ||| INVOKING Spit Poison.
    46 | D:1      | 46 ||| INVOKING Spit Poison.
    94 | D:1      | Reached skill level 4 in Ranged Weapons
    94 | D:1      | Reached XP level 2. HP: 26/26 MP: 2/2
   133 | D:1      | 133 ||| INVOKING Spit Poison.
   398 | D:1      | 398 ||| INVOKING Spit Poison.
   471 | D:1      | 471 ||| INVOKING Spit Poison.
   512 | D:1      | 512 ||| INVOKING Spit Poison.
   520 | D:1      | Found a faded altar of an unknown god.
   522 | D:1      | 522 ||| INVOKING Spit Poison.
   595 | D:1      | 595 ||| INVOKING Spit Poison.
   803 | D:1      | 803 ||| INVOKING Spit Poison.
   820 | D:1      | 820 ||| INVOKING Spit Poison.
   822 | D:1      | 822 ||| DRINKING 2 sapphire potions.
   823 | D:1      | 823 ||| DROPPING scroll of butterflies.
   824 | D:1      | 824 ||| DROPPING scroll of immolation.
   852 | D:2      | 852 ||| INVOKING Spit Poison.
   853 | D:2      | 853 ||| STAIRDANCE
   864 | D:2      | 864 ||| INVOKING Spit Poison.
   867 | D:2      | 867 ||| INVOKING Spit Poison.
   869 | D:2      | 869 ||| STAIRDANCE
   896 | D:2      | 896 ||| INVOKING Spit Poison.
   922 | D:2      | 922 ||| INVOKING Spit Poison.
   932 | D:2      | Reached XP level 3. HP: 32/32 MP: 3/3
   958 | D:2      | 958 ||| INVOKING Spit Poison.
   963 | D:2      | 963 ||| INVOKING Spit Poison.
   972 | D:2      | 972 ||| INVOKING Spit Poison.
   977 | D:2      | 977 ||| INVOKING Spit Poison.
   985 | D:2      | 985 ||| INVOKING Spit Poison.
  1063 | D:2      | 1063 ||| INVOKING Spit Poison.
  1069 | D:2      | 1069 ||| INVOKING Spit Poison.
  1071 | D:2      | Reached skill level 5 in Ranged Weapons
  1071 | D:2      | Reached XP level 4. HP: 33/39 MP: 4/4
  1074 | D:2      | 1074 ||| INVOKING Spit Poison.
  1077 | D:2      | 1077 ||| INVOKING Spit Poison.
  1079 | D:2      | HP: 6/39 [gnoll/+0 spear (4)]
  1080 | D:2      | 1080 ||| DRINKING potion of heal wounds.
  1082 | D:2      | 1082 ||| INVOKING Spit Poison.
  1167 | D:2      | 1167 ||| INVOKING Spit Poison.
  1272 | D:2      | 1272 ||| INVOKING Spit Poison.
  1278 | D:2      | 1278 ||| INVOKING Spit Poison.
  1378 | D:2      | 1378 ||| INVOKING Spit Poison.
  1388 | D:2      | 1388 ||| INVOKING Spit Poison.
  1392 | D:2      | 1392 ||| READING 2 scrolls labelled LEIXOYTIOGG.
  1393 | D:2      | 1393 ||| READING scroll labelled ERPHED MACAE.
  1398 | D:2      | 1398 ||| DROPPING scroll of revelation.
  1417 | D:3      | 1417 ||| INVOKING Spit Poison.
  1542 | D:3      | 1542 ||| INVOKING Spit Poison.
  1545 | D:3      | 1545 ||| INVOKING Spit Poison.
  1548 | D:3      | 1548 ||| INVOKING Spit Poison.
  1587 | D:3      | 1587 ||| INVOKING Spit Poison.
  1608 | D:3      | 1608 ||| INVOKING Spit Poison.
  1659 | D:3      | 1659 ||| INVOKING Spit Poison.
  1662 | D:3      | 1662 ||| INVOKING Spit Poison.
  1664 | D:3      | Reached skill level 3 in Fighting
  1690 | D:3      | 1690 ||| INVOKING Spit Poison.
  1783 | D:3      | 1783 ||| INVOKING Spit Poison.
  1789 | D:3      | 1789 ||| INVOKING Spit Poison.
  1790 | D:3      | Reached XP level 5. HP: 49/49 MP: 5/5
  1795 | D:3      | 1795 ||| INVOKING Spit Poison.
  1800 | D:3      | 1800 ||| INVOKING Spit Poison.
  1805 | D:3      | 1805 ||| INVOKING Spit Poison.
  1808 | D:3      | 1808 ||| INVOKING Spit Poison.
  1812 | D:3      | 1812 ||| INVOKING Spit Poison.
  1819 | D:3      | 1819 ||| INVOKING Spit Poison.
  1890 | D:3      | 1890 ||| INVOKING Spit Poison.
  1893 | D:3      | 1893 ||| INVOKING Spit Poison.
  1897 | D:3      | 1897 ||| INVOKING Spit Poison.
  1921 | D:3      | 1921 ||| INVOKING Spit Poison.
  2011 | D:3      | 2011 ||| INVOKING Spit Poison.
  2015 | D:3      | 2015 ||| INVOKING Spit Poison.
  2018 | D:3      | 2018 ||| INVOKING Spit Poison.
  2025 | D:3      | 2025 ||| INVOKING Spit Poison.
  2054 | D:3      | 2054 ||| INVOKING Spit Poison.
  2150 | D:3      | 2150 ||| UPGRADING to +4 ring of protection.
  2151 | D:3      | 2151 ||| READING scroll labelled XOMPAC BIGOR.
  2152 | D:3      | 2152 ||| READING scroll labelled YTASAO KOLA.
  2153 | D:3      | 2153 ||| DRINKING 3 bubbling inky potions.
  2154 | D:3      | 2154 ||| DROPPING 2 potions of degeneration.
  2185 | D:4      | 2185 ||| PLANNING OSSUARY
  2190 | D:4      | Noticed qw's ghost (weakling NaHu)
  2196 | D:4      | Found a sand-covered staircase.
  2206 | Ossuary  | Entered an ossuary
  2265 | Ossuary  | Reached skill level 6 in Ranged Weapons
  2265 | Ossuary  | Reached XP level 6. HP: 32/56 MP: 6/6
  2552 | Ossuary  | Reached XP level 7. HP: 35/66 MP: 7/7
  2670 | Ossuary  | HP: 13/66 [mummy (12)]
  2671 | Ossuary  | 2671 ||| READING scroll of teleportation.
  2869 | Ossuary  | 2869 ||| READING scroll labelled BENAICO YMYOWN.
  2870 | Ossuary  | 2870 ||| READING scroll labelled REGETZO XIVED.
  2871 | Ossuary  | 2871 ||| DRINKING 2 bubbling amethyst potions.
  2872 | Ossuary  | 2872 ||| DRINKING 2 clear potions.
  2881 | D:4      | 2881 ||| PLANNING D:1-11
  2911 | D:4      | Found a runed translucent gate.
  2911 | D:4      | Found a runed translucent gate.
  2911 | D:4      | Found a runed translucent gate.
  3062 | D:4      | 3062 ||| INVOKING Spit Poison.
  3145 | D:4      | 3145 ||| INVOKING Spit Poison.
  3148 | D:4      | 3148 ||| INVOKING Spit Poison.
  3153 | D:4      | 3153 ||| INVOKING Spit Poison.
  3160 | D:4      | 3160 ||| INVOKING Spit Poison.
  3163 | D:4      | 3163 ||| INVOKING Spit Poison.
  3195 | D:4      | 3195 ||| INVOKING Spit Poison.
  3207 | D:4      | 3207 ||| INVOKING Spit Poison.
  3278 | D:4      | 3278 ||| INVOKING Spit Poison.
  3360 | D:4      | 3360 ||| Stepping ~*~*~tactically~*~*~ (outnumbered).
  3362 | D:4      | 3362 ||| Stepping ~*~*~tactically~*~*~ (outnumbered).
  3364 | D:4      | 3364 ||| INVOKING Spit Poison.
  3369 | D:4      | 3369 ||| INVOKING Spit Poison.
  3370 | D:4      | Reached skill level 7 in Ranged Weapons
  3376 | D:4      | 3376 ||| INVOKING Spit Poison.
  3381 | D:4      | 3381 ||| INVOKING Spit Poison.
  3497 | D:4      | 3497 ||| INVOKING Spit Poison.
  3573 | D:4      | 3573 ||| INVOKING Spit Poison.
  3602 | D:4      | 3602 ||| INVOKING Spit Poison.
  3642 | D:4      | 3642 ||| INVOKING Spit Poison.
  4030 | D:4      | 4030 ||| DROPPING ring of magical power.
  4031 | D:4      | 4031 ||| UPGRADING to ring of protection from fire.
  4032 | D:4      | 4032 ||| READING scroll labelled ZOCRUT JUUTHRE.
  4033 | D:4      | 4033 ||| DRINKING 2 ruby potions.
  4034 | D:4      | 4034 ||| DROPPING potion of attraction.
  4067 | D:5      | Entered Level 5 of the Dungeon
  4082 | D:5      | 4082 ||| INVOKING Spit Poison.
  4083 | D:5      | Noticed Ijyb
  4089 | D:5      | 4089 ||| INVOKING Spit Poison.
  4094 | D:5      | 4094 ||| INVOKING Spit Poison.
  4096 | D:5      | HP: 13/66 [Ijyb/bolt of light (16)]
  4097 | D:5      | 4097 ||| DRINKING 2 potions of curing.
  4097 | D:5      | 4097 ||| (to cure confusion)
  4098 | D:5      | 4098 ||| READING scroll of teleportation.
  4099 | D:5      | 4099 ||| DRINKING potion of heal wounds.
  4100 | D:5      | 4100 ||| INVOKING Spit Poison.
  4204 | D:5      | 4204 ||| INVOKING Spit Poison.
  4205 | D:5      | Killed Ijyb
  4210 | D:5      | 4210 ||| INVOKING Spit Poison.
  4216 | D:5      | 4216 ||| INVOKING Spit Poison.
  4254 | D:5      | 4254 ||| INVOKING Spit Poison.
  4261 | D:5      | 4261 ||| INVOKING Spit Poison.
  4296 | D:5      | Reached skill level 8 in Ranged Weapons
  4296 | D:5      | Reached XP level 8. HP: 49/73 MP: 8/8
  4325 | D:5      | 4325 ||| INVOKING Spit Poison.
  4329 | D:5      | 4329 ||| INVOKING Spit Poison.
  4390 | D:5      | 4390 ||| INVOKING Spit Poison.
  4393 | D:5      | 4393 ||| INVOKING Spit Poison.
  4498 | D:5      | Noticed Grinder
  4500 | D:5      | Paralysed by Grinder for 4 turns
  4527 | D:5      | Killed Grinder
  4792 | D:5      | Found a staircase to the Ecumenical Temple.
  4793 | D:5      | 4793 ||| PLANNING TEMPLE
  4849 | D:5      | 4849 ||| READING scroll labelled MOR ZYTOYWN.
  4969 | Temple   | Entered the Ecumenical Temple
  5044 | Temple   | 5044 ||| PLANNING OKAWARU WORSHIP
  5216 | Temple   | Became a worshipper of Warmaster Okawaru
  5217 | Temple   | 5217 ||| PLANNING D:1-11
  5283 | D:5      | 5283 ||| INVOKING Spit Poison.
  5286 | D:5      | 5286 ||| INVOKING Spit Poison.
  5327 | D:5      | Found a runed translucent door.
  5344 | D:5      | 5344 ||| READING 2 scrolls of identify.
  5344 | D:5      | 5344 ||| IDENTIFYING smoky puce potion
  5345 | D:5      | 5345 ||| DROPPING potion of lignification.
  5475 | D:6      | 5475 ||| INVOKING Spit Poison.
  5483 | D:6      | 5483 ||| INVOKING Spit Poison.
  5487 | D:6      | 5487 ||| INVOKING Spit Poison.
  5510 | D:6      | 5510 ||| INVOKING Spit Poison.
  5550 | D:6      | 5550 ||| INVOKING Spit Poison.
  5554 | D:6      | 5554 ||| INVOKING Spit Poison.
  5559 | D:6      | 5559 ||| INVOKING Spit Poison.
  5563 | D:6      | 5563 ||| INVOKING Spit Poison.
  5747 | D:6      | 5747 ||| INVOKING Spit Poison.
  5752 | D:6      | 5752 ||| INVOKING Spit Poison.
  5753 | D:6      | Reached skill level 9 in Ranged Weapons
  5813 | D:6      | Reached skill level 6 in Fighting
  5853 | D:6      | 5853 ||| INVOKING Spit Poison.
  5856 | D:6      | 5856 ||| INVOKING Spit Poison.
  5865 | D:6      | 5865 ||| INVOKING Spit Poison.
  5975 | D:6      | 5975 ||| INVOKING Spit Poison.
  5983 | D:6      | 5983 ||| INVOKING Spit Poison.
  5989 | D:6      | 5989 ||| INVOKING Spit Poison.
  5994 | D:6      | 5994 ||| INVOKING Spit Poison.
  6190 | D:6      | 6190 ||| INVOKING Spit Poison.
  6270 | D:6      | 6270 ||| DRINKING 3 viscous purple potions.
  6306 | D:7      | HP: 17/76 [poisoned by a water moccasin]
  6307 | D:7      | 6307 ||| READING 3 scrolls of teleportation.
  6308 | D:7      | 6308 ||| DRINKING 4 potions of heal wounds.
  6310 | D:7      | 6310 ||| INVOKING Spit Poison.
  6317 | D:7      | 6317 ||| INVOKING Spit Poison.
  6323 | D:7      | 6323 ||| INVOKING Spit Poison.
  6323 | D:7      | Reached * piety under Okawaru
  6324 | D:7      | 6324 ||| INVOKING Heroism.
  6325 | D:7      | 6325 ||| INVOKING Heroism.
  6366 | D:7      | HP: 16/76 [sleepcap (7)]
  6367 | D:7      | 6367 ||| READING 2 scrolls of teleportation.
  6368 | D:7      | 6368 ||| DRINKING 3 potions of heal wounds.
  6516 | D:7      | Reached XP level 9. HP: 52/82 MP: 9/9
  6627 | D:7      | Reached skill level 1 in Invocations
  6773 | D:7      | 6773 ||| INVOKING Spit Poison.
  6777 | D:7      | 6777 ||| INVOKING Spit Poison.
  6805 | D:7      | 6805 ||| INVOKING Heroism.
  7366 | D:7      | 7366 ||| UPGRADING to +0 pair of gloves.
  7371 | D:7      | 7371 ||| READING 2 scrolls of identify.
  7371 | D:7      | 7371 ||| IDENTIFYING metallic blue potion
  7372 | D:7      | 7372 ||| DROPPING potion of ambrosia.
  7460 | D:8      | 7460 ||| INVOKING Spit Poison.
  7465 | D:8      | 7465 ||| INVOKING Heroism.
  7466 | D:8      | 7466 ||| INVOKING Spit Poison.
  7586 | D:8      | Found a staircase to the Lair.
  7599 | D:8      | 7599 ||| INVOKING Heroism.
  7600 | D:8      | 7600 ||| INVOKING Spit Poison.
  7610 | D:8      | Reached skill level 1 in Armour
  7640 | D:8      | 7640 ||| INVOKING Spit Poison.
  7643 | D:8      | Reached skill level 3 in Invocations
  7659 | D:8      | 7659 ||| INVOKING Heroism.
  7661 | D:8      | 7661 ||| DROPPING amulet of magic regeneration.
  7663 | D:8      | 7663 ||| INVOKING Spit Poison.
  7667 | D:8      | HP: 17/82 [electric eel/bolt of electricity (9)]
  7668 | D:8      | 7668 ||| READING 2 scrolls of teleportation.
  7669 | D:8      | 7669 ||| DRINKING 2 potions of heal wounds.
  7821 | D:8      | Reached skill level 10 in Ranged Weapons
  7879 | D:8      | 7879 ||| INVOKING Heroism.
  7887 | D:8      | HP: 18/82 [electric eel/bolt of electricity (5)]
  7888 | D:8      | 7888 ||| READING scroll of teleportation.
  7889 | D:8      | 7889 ||| DRINKING potion of heal wounds.
  8018 | D:8      | 8018 ||| FLEEEEING.
  8021 | D:8      | 8021 ||| STAIRDANCE
  8067 | D:8      | 8067 ||| STAIRDANCE
  8131 | D:8      | 8131 ||| INVOKING Spit Poison.
  8136 | D:8      | 8136 ||| INVOKING Spit Poison.
  8139 | D:8      | 8139 ||| INVOKING Heroism.
  8143 | D:8      | 8143 ||| INVOKING Spit Poison.
  8150 | D:8      | 8150 ||| INVOKING Spit Poison.
  8157 | D:8      | Reached skill level 3 in Dodging
  8160 | D:8      | 8160 ||| INVOKING Spit Poison.
  8261 | D:8      | 8261 ||| INVOKING Spit Poison.
  8264 | D:8      | Found a broken altar of Ashenzari.
  8265 | D:8      | 8265 ||| INVOKING Heroism.
  8266 | D:8      | 8266 ||| INVOKING Spit Poison.
  8269 | D:8      | 8269 ||| Stepping ~*~*~tactically~*~*~ (outnumbered).
  8272 | D:8      | 8272 ||| INVOKING Spit Poison.
  8281 | D:8      | 8281 ||| INVOKING Spit Poison.
  8320 | D:8      | Found a white marble altar of Elyvilon.
  8321 | D:8      | 8321 ||| SWAPPING to +0 orcbow.
  8322 | D:8      | 8322 ||| DROPPING +0 shortbow.
  8434 | D:8      | 8434 ||| FLEEEEING.
  8442 | D:8      | 8442 ||| STAIRDANCE
  8485 | D:8      | 8485 ||| FLEEEEING.
  8493 | D:8      | 8493 ||| STAIRDANCE
  8620 | D:8      | 8620 ||| PLANNING LAIR
  8658 | Lair:1   | Entered Level 1 of the Lair of Beasts
  8662 | Lair:1   | 8662 ||| INVOKING Spit Poison.
  8675 | Lair:1   | Noticed a komodo dragon
  8676 | Lair:1   | 8676 ||| INVOKING Heroism.
  8679 | Lair:1   | 8679 ||| INVOKING Spit Poison.
  8680 | Lair:1   | Noticed a komodo dragon
  8684 | Lair:1   | 8684 ||| INVOKING Spit Poison.
  8690 | Lair:1   | Killed a komodo dragon
  8693 | Lair:1   | 8693 ||| INVOKING Spit Poison.
  8696 | Lair:1   | HP: 9/86 [komodo dragon (29)]
  8698 | Lair:1   | 8698 ||| INVOKING Spit Poison.
  8699 | Lair:1   | Noticed a komodo dragon
  8700 | Lair:1   | Demolished by a komodo dragon

Levels and vault maps discovered:
D:1:      mrwooster_arrival_arrow, layout_basic,
          hellmonk_ecumenical_altar_blasted, kennysheep_flooded_box,
          minmay_misc_feat_doors
D:2:      layout_rooms
D:3:      minmay_roachtagon, layout_loops_cross
D:4:      layout_basic, serial_demonic, serial_demonic_f, serial_demonic_g,
          serial_demonic_g, serial_demonic_c,
          lightli_ossuary_entry_decrepit_ruins, gammafunk_ghost_split
D:5:      layout_rooms, minmay_temple_entry_hall, lightli_church_of_beogh,
          uniq_ijyb, uniq_grinder
D:6:      layout_basic
D:7:      layout_rooms, nicolae_water_bricks
D:8:      layout_rooms, gammafunk_temple_overflow_pools,
          nicolae_wu_jian_immortal_techniques, dpeg_oklobed_lair,
          chequers_big_river
Temple:   dpeg_five_rooms_temple
Lair:1:   layout_cave_pods, minivault_19, grunt_megastairs_2,
          uniq_prince_ribbit2

Skill      XL: |  1  2  3  4  5  6  7  8  9 |
---------------+----------------------------+-----
Ranged Weapons | 4 5 6 8 9 10 | 10.0
Fighting       | 3 4 6 7 |  7.4
Dodging        | 3 |  3.0
Invocations    | 4 |  4.0
Armour         | 1 |  1.8
Stealth        | |  1.5

Action                     |  1- 3 |  4- 6 |  7- 9 || total
---------------------------+-------+-------+-------++-------
   Fire: Shortbow          |    55 |   202 |   624 ||   881
         Orcbow            |       |       |    24 ||    24
 Invoke: Heroism           |       |       |     9 ||     9
Ability: Spit Poison       |    23 |    34 |    74 ||   131
    Use: Potion            |     1 |     2 |    10 ||    13
         Scroll            |       |     4 |    12 ||    16
 Armour: Leather armour    |     6 |    57 |   278 ||   341
  Dodge: Dodged            |    10 |    74 |   277 ||   361

Table legend:
 A = Non-vault XP
 B = Vault XP
 C = Vault XP percentage of total XP
 D = Non-vault monster count
 E = Vault monster count
 F = Vault count percentage of total count
                 A         B        C        D         E       F
            +---------+---------+-------+---------+---------+-------
      Total |    3645 |     857 |  19.0 |     139 |      46 |  24.9
            +---------+---------+-------+---------+---------+-------
        D:1 |      26 |       0 |   0.0 |      15 |       0 |   0.0
        D:2 |      90 |       0 |   0.0 |      24 |       0 |   0.0
        D:3 |     139 |      20 |  12.6 |      22 |      10 |  31.2
        D:4 |     135 |     122 |  47.5 |      22 |       5 |  18.5
        D:5 |     510 |     308 |  37.7 |      12 |       2 |  14.3
        D:6 |     535 |       0 |   0.0 |      16 |       0 |   0.0
        D:7 |     696 |       0 |   0.0 |      12 |       0 |   0.0
        D:8 |     958 |       0 |   0.0 |      14 |       0 |   0.0
     Lair:1 |     556 |       0 |   0.0 |       2 |       0 |   0.0
    Ossuary |       0 |     407 | 100.0 |       0 |      29 | 100.0
            +---------+---------+-------+---------+---------+-------
